 Dungeon Crawl Stone Soup version 0.26-a0-1164-g1a551d6a14 (webtiles) character file.

Game seed: 7503283852588856536

74 night the Chiller (level 4, 0/30 HPs)
             Began as a Demonspawn Ice Elementalist on Dec 23, 2020.
             Slain by a goblin
             ... wielding a +0 dagger
              (4 damage)
             ... on level 3 of the Dungeon.
             The game lasted 00:04:10 (2677 turns).

night the Chiller (Demonspawn Ice Elementalist)     Turns: 2677, Time: 00:04:11

Health: 0/30       AC:  5    Str:  8    XL:     4   Next: 10%
Magic:  8/8        EV: 14    Int: 17    God:
Gold:   143        SH:  0    Dex: 14    Spells: 8/9 levels left

rFire    . . .     SeeInvis .   k - +4 hand axe
rCold    . . .     Faith    .   (no shield)
rNeg     . . .     Spirit   .   h - +0 robe
rPois    .         Reflect  .   (no helmet)
rElec    .         Harm     .   l - +2 cloak
rCorr    .         Rampage  .   (no gloves)
Will     .....                  (no boots)
Stlth    ++........             (no amulet)
HPRegen  0.10/turn              (no ring)
MPRegen  0.11/turn              (no ring)

@: no status effects
A: claws 1, repulsion field 1, miasma immunity
a: no special abilities


You were on level 3 of the Dungeon.
You visited 1 branch of the dungeon, and saw 3 of its levels.

You collected 143 gold pieces.

Inventory:

Hand Weapons
 a - a +0 dagger
 b - a +1 vorpal hunting sling
 k - a +4 hand axe (weapon)
Missiles
 e - 126 stones
 m - 18 arrows
 r - 3 boomerangs
 v - 27 sling bullets
Armour
 h - a +0 robe (worn)
 l - a +2 cloak (worn)
Jewellery
 t - a cursed -4 ring of intelligence {unknown}
Scrolls
 d - a scroll of enchant weapon {unknown}
 f - 2 scrolls of teleportation {unknown}
 i - a scroll of magic mapping {unknown}
 n - a scroll of random uselessness {unknown}
 p - 2 scrolls of identify {unknown}
 q - 3 scrolls of remove curse {unknown}
 s - a scroll of enchant armour {unknown}
 y - a scroll of amnesia {unknown}
Potions
 c - 2 potions of degeneration {unknown}
 g - a potion of ambrosia {unknown}
 j - a potion of flight {unknown}
 o - 2 potions of heal wounds {unknown}
 u - a potion of curing {unknown}
 w - a potion of lignification {unknown}
 x - a potion of attraction {unknown}
 z - a potion of mutation {unknown}


   Skills:
 - Level 1.7 Dodging
 - Level 1.7 Stealth
 + Level 3.2 Spellcasting
 + Level 4.4 Ice Magic


You had 8 spell levels left.
You knew the following spells:

 Your Spells              Type           Power        Failure   Level
a - Freeze                Ice            68%          2%          1

Your spell library contained the following spells:

 Spells                   Type           Power        Failure   Level
 Frozen Ramparts          Ice            34%          9%          3
 Ozocubu's Armour         Ice            17%          9%          3
 Hailstorm                Conj/Ice       10%          56%         4
 Summon Ice Beast         Ice/Summ       10%          56%         4


Dungeon Overview and Level Annotations

Branches:
Dungeon (3/15)

Altars:


Innate Abilities, Weirdness & Mutations

You have sharp fingernails.
You are surrounded by a mild repulsion field. (EV +2)
You are immune to miasma.


Message History

The goblin closely misses you. The goblin closely misses you.
The goblin hits you with a +0 dagger. The goblin hits you with a +0 dagger.
The goblin hits you with a +0 dagger.
* * * LOW HITPOINT WARNING * * *
The goblin misses you. The goblin completely misses you.
The goblin hits you with a +0 dagger.
* * * LOW HITPOINT WARNING * * *
The goblin barely misses you. The goblin hits you but does no damage.
The goblin hits you with a +0 dagger.
* * * LOW HITPOINT WARNING * * *
The goblin hits you but does no damage. The goblin completely misses you.
The goblin hits you but does no damage. The goblin barely misses you.
The goblin hits you with a +0 dagger.
You die...

.. .# .#
#.#########.###
#.....).......#
#######.#...#.###
######.(.........
......#(#.#$#..##
#####....@.....#
#.#.#.#g#.#.#
##....(!.....#
#.#.#.#.#.#.#.#
##.............#
#.#.#.#.#.#.#.#.
##.............#
#.#.#.#.#.#.#.
##...........#


You could see a goblin.

Vanquished Creatures
  2 adders (D:2)
  An ooze (D:2)
  3 dart slugs
  An orc (D:3)
  7 goblins
  5 hobgoblins
  7 jackals (D:1)
  5 bats
  3 frilled lizards
  3 kobolds
  7 rats
44 creatures vanquished.

Notes
Turn   | Place    | Note
-------+----------+-------------------------------------------
     0 | D:1      | night the Demonspawn Ice Elementalist began the quest for
                  | the Orb.
     0 | D:1      | Reached XP level 1. HP: 13/13 MP: 3/3
   365 | D:1      | Gained mutation: You are immune to miasma. [demonic
                  | ancestry]
   365 | D:1      | Reached XP level 2. HP: 13/19 MP: 0/5
   940 | D:1      | Reached skill level 4 in Ice Magic
  1338 | D:2      | Gained mutation: You have sharp fingernails. [demonic
                  | ancestry]
  1338 | D:2      | Reached XP level 3. HP: 22/24 MP: 7/7
  2476 | D:3      | Gained mutation: You are surrounded by a mild repulsion
                  | field. (EV +2) [demonic ancestry]
  2476 | D:3      | Reached XP level 4. HP: 30/30 MP: 8/8
  2672 | D:3      | HP: 4/30 [goblin/+0 dagger (3)]
  2677 | D:3      | Slain by a goblin

Illustrated notes

Levels and vault maps discovered:
D:1:      dpeg_arrival_stonehenge_8_columns, layout_basic,
          hangedman_glass_garden
D:2:      layout_basic, wad_woods_river_04, minmay_indecisive_spiral
D:3:      layout_loops_ring, chequers_hall_statues_y, columned_hall_lemuel,
          hex_medium

Skill      XL: |  1  2  3 |
---------------+----------+-----
Ice Magic      | 4 |  4.4
Spellcasting   | 3 |  3.2
Dodging        | |  1.7
Stealth        | |  1.7

Action                   |  1- 3 |  4- 6 || total
-------------------------+-------+-------++-------
Melee: Dagger            |    18 |       ||    18
       Hand axe          |    58 |    15 ||    73
 Fire: Hunting sling     |     8 |       ||     8
 Cast: Freeze            |    25 |     1 ||    26
 Stab: Sleeping          |     3 |       ||     3
       Distracted        |     1 |       ||     1
Armor: Robe              |    24 |     8 ||    32
Dodge: Dodged            |    70 |    30 ||   100

Table legend: (Time is in decaauts)
 A = Elapsed time spent in this place.
 B = Non-inter-level travel time spent in this place.
 C = Inter-level travel time spent in this place.
 D = Time resting spent in this place.
 E = Time spent auto-exploring this place.
 F = Levels seen in this place.
 G = Mean time per level.
                   A        B        C        D        E       F      G
               +--------+--------+--------+--------+--------+-----+--------+
         Total |   2704 |   2661 |     43 |    218 |   2046 |   3 |  901.3 |
       Dungeon |   2704 |   2661 |     43 |    218 |   2046 |   3 |  901.3 |
               +--------+--------+--------+--------+--------+-----+--------+

Top non-repeatable levels by time:
     D:1: 1305 daAuts
     D:2: 1137 daAuts
     D:3: 261 daAuts
